 Dungeon Crawl Stone Soup version 0.31.0-9-g3a7656b989 (webtiles) character file.

Game seed: 16672521424085610750

1329 qw the Skirmisher (level 8, -11/39 HPs)
             Began as a Spriggan Hunter on Feb 2, 2024.
             Was a Follower of Okawaru.
             Killed by divine providence
             ... invoked by an orc priest
              (15 damage)
             ... on level 5 of the Dungeon.
             The game lasted 00:00:17 (3636 turns).

qw the Skirmisher (Spriggan Hunter)                 Turns: 3636, Time: 00:00:18

Health: -11/39     AC:  4    Str:  7    XL:     8   Next: 34%
Magic:  11/11      EV: 23    Int: 11    God:    Okawaru [*.....]
Gold:   170        SH:  0    Dex: 20    Spells: 7/7 levels left

rFire   . . .        f - +8 sling "Tom Dun" {heavy, rElec}
rCold   . . .        (no shield)
rNeg    . . .        c - +0 robe
rPois   .            (helmet restricted)
rElec   +            h - +1 cloak
rCorr   .            (gloves unavailable)
SInv    +            (boots unavailable)
Will    +....        (no amulet)
Stlth   ++           (no ring)
HPRegen 0.26/turn    (no ring)
MPRegen 0.12/turn

%: no passive effects
@: very quick
A: very small, no large weapons, unfitting armour, see invisible, speed 3
a: Renounce Religion, Heroism


You were on level 5 of the Dungeon.
You worshipped Okawaru.
Okawaru was aware of your devotion.
You visited 2 branches of the dungeon, and saw 6 of its levels.

You collected 170 gold pieces.


Innate Abilities, Weirdness & Mutations

You are very small and have problems with some larger weapons.
You are too small for most types of armour.
You have supernaturally acute eyesight. (SInv)
You cover ground extremely quickly. (Speed+++)


   Skills:
 + Level 2.7 Fighting
 - Level 8.0 Ranged Weapons
 - Level 7.8 Dodging
 - Level 1.5 Stealth
 + Level 3.9 Invocations


You had 7 spell levels left.
You didn't know any spells.
Your spell library was empty.

Inventory:

Hand Weapons
 f - the +8 sling "Tom Dun" (weapon) {heavy, rElec}
   (You found it on level 3 of the Dungeon)

   rElec:     It insulates you from electricity.
Armour
 c - a +0 robe (worn)
 h - a +1 cloak (worn)
Wands
 g - a wand of polymorph (6)
Scrolls
 b - a scroll of silence {unknown}
Potions
 a - 3 potions of might
 d - a potion of curing
 e - a potion of cancellation {unknown}
 i - a potion of mutation {unknown}

Dungeon Overview and Level Annotations

Branches:
Dungeon (5/15)             Temple (1/1) D:5

Altars:
Gozag
Hepliaklqana
Nemelex Xobeh
Okawaru
Ru
Sif Muna
Uskayaw
Vehumet
Wu Jian
Xom
Yredelemnul
Zin
The Shining One


Message History

You see here a +0 trident.
There is a stone staircase leading down here.
Things that are here:
a +0 giant club; an ogre corpse An orc priest comes into view.
It is wielding a +0 club.
The orc priest shouts!
An orc comes into view. It is wielding a +0 club.
An orc priest comes into view. It is wielding a +0 club.
The orc shouts!
The orc priest shouts!
You hear a shout!
The orc priest mumbles some strange prayers to Beogh against you.
Beogh smites you!
The orc priest invokes the aid of Beogh against you.
Beogh smites you!
An orc wizard comes into view. It is wielding a +0 dagger.
The orc wizard shouts!
An orc comes into view. It is wielding a +0 hand axe.
You shoot a sling bullet. The sling bullet hits the orc.
The orc is moderately wounded.
You shoot a sling bullet.
The sling bullet hits the orc but does no damage.
The orc is moderately wounded.
The orc priest invokes the aid of Beogh against you.
Beogh smites you!
The orc priest hits the withered plant with a +0 club.
The withered plant begins to crumble.
The orc priest looks satisfied for a moment.
The orc hits you but does no damage.
You shoot a sling bullet. The sling bullet hits the orc!!
You kill the orc!
Okawaru accepts your kill.
The orc wizard mumbles some strange words.
The orc wizard flickers and vanishes for a moment.
The orc priest hits the withered plant with a +0 club.
The orc hits the withered plant with a +0 hand axe.
The orc priest begins to cast a cantrip, but forgets the words!
You shoot a sling bullet. The sling bullet hits the orc priest.
The orc priest is moderately wounded.
The orc priest mumbles some strange prayers to Beogh against you.
Beogh smites you!
You die...

#......#
#......#
#......########
###...........#
###########.#
.. #..##..##
#........
######.#######
#....$@#
#.####.#


#oP #oo. ##... .P.. .P... .....^ You could see 2 orc priests and an orc.

Vanquished Creatures
  Eustachio (D:5)
  Menkaure (D:5)
  Duvessa (D:5)
  2 sky beasts (D:4)
  An ogre (D:5)
  A phantom (D:5)
  2 water moccasin zombies (D:5)
  Dowan (D:5)
  2 bullfrog zombies (D:5)
  2 orc priests (D:5)
  A hound (D:5)
  A jelly (D:4)
  3 iguanas
  Terence (D:3)
  A killer bee zombie (D:5)
  Robin (D:3)
  An adder (D:5)
  A white imp (D:4)
  3 dart slugs
  3 ribbon worms
  11 orcs
  9 ball pythons
  8 endoplasms
  5 giant cockroaches
  15 goblins
  9 hobgoblins
  11 jackals (D:2)
  7 kobolds
  4 quokkas
  5 bats
  4 frilled lizards
  5 rats
123 creatures vanquished.

Notes
Turn   | Place    | Note
-------+----------+-------------------------------------------
     0 | D:1      | qw the Spriggan Hunter began the quest for the Orb.
     0 | D:1      | Reached XP level 1. HP: 10/10 MP: 2/2
     0 | D:1      | 0 ||| qw: Version: 0.3-a-155-g5e7d8dd
     0 | D:1      | 0 ||| qw: Game counter: 2552
     0 | D:1      | 0 ||| qw: Melee chars always use a shield: true
     0 | D:1      | 0 ||| qw: God list: Okawaru
     0 | D:1      | 0 ||| qw: Allow faded altars: false
     0 | D:1      | 0 ||| qw: Do Orc after clearing Dungeon:15 true
     0 | D:1      | 0 ||| qw: Do second Lair branch before Depths: true
     0 | D:1      | 0 ||| qw: Lair rune preference: random
     0 | D:1      | 0 ||| qw: Goals: Normal
     0 | D:1      | 0 ||| PLANNING D:1-11
   116 | D:1      | Reached skill level 3 in Dodging
   244 | D:1      | Reached XP level 2. HP: 14/14 MP: 3/3
   514 | D:1      | Reached XP level 3. HP: 18/18 MP: 4/4
   665 | D:1      | 665 ||| READING scroll labelled JIAFE WUSUTT.
   666 | D:1      | 666 ||| READING scroll labelled LUFOAPU WANAENY.
   667 | D:1      | 667 ||| DROPPING scroll of butterflies.
   670 | D:1      | 670 ||| Stepping ~*~*~tactically~*~*~ (cloud).
   677 | D:1      | HP: 4/18 [poisoned by you (poison gas)]
  1218 | D:2      | Reached skill level 5 in Ranged Weapons
  1266 | D:2      | 1266 ||| READING scroll labelled BAUSME GUEDOFORPH.
  1269 | D:2      | 1269 ||| READING scroll labelled GIORUL YJOS.
  1270 | D:2      | 1270 ||| READING scroll labelled XUTSERISIY.
  1271 | D:2      | 1271 ||| READING scroll labelled KACZES XOIPHIO.
  1372 | D:2      | 1372 ||| DRINKING 2 sedimented black potions.
  1373 | D:2      | 1373 ||| DRINKING 2 viscous emerald potions.
  1374 | D:2      | 1374 ||| DRINKING potion of curing.
  1374 | D:2      | 1374 ||| (to cure confusion)
  1375 | D:2      | 1375 ||| DROPPING potion of ambrosia.
  1386 | D:3      | Reached XP level 4. HP: 22/22 MP: 5/5
  1426 | D:3      | Identified the +8 sling "Tom Dun" {heavy, rElec}
  1428 | D:3      | 1428 ||| SWAPPING to +8 sling "Tom Dun" {heavy, rElec}.
  1429 | D:3      | 1429 ||| DROPPING +0 shortbow.
  1467 | D:3      | Noticed Robin
  1470 | D:3      | Killed Robin
  1477 | D:3      | 1477 ||| FLEEEEING.
  1478 | D:3      | 1478 ||| FLEEEEING.
  1479 | D:3      | 1479 ||| FLEEEEING.
  1480 | D:3      | 1480 ||| FLEEEEING.
  1481 | D:3      | 1481 ||| FLEEEEING.
  1483 | D:3      | 1483 ||| FLEEEEING.
  1484 | D:3      | 1484 ||| FLEEEEING.
  1485 | D:3      | 1485 ||| FLEEEEING.
  1486 | D:3      | 1486 ||| FLEEEEING.
  1487 | D:3      | 1487 ||| FLEEEEING.
  1488 | D:3      | 1488 ||| FLEEEEING.
  1489 | D:3      | 1489 ||| FLEEEEING.
  1490 | D:3      | 1490 ||| FLEEEEING.
  1491 | D:3      | 1491 ||| FLEEEEING.
  1492 | D:3      | 1492 ||| FLEEEEING.
  1493 | D:3      | 1493 ||| FLEEEEING.
  1494 | D:3      | 1494 ||| FLEEEEING.
  1496 | D:3      | 1496 ||| FLEEEEING.
  1515 | D:3      | Noticed Terence
  1519 | D:3      | Killed Terence
  1567 | D:3      | Noticed a black bear
  1568 | D:3      | Noticed an ogre
  1686 | D:3      | You fall into a shaft and drop 1 floor!
  1695 | D:4      | Reached XP level 5. HP: 26/26 MP: 6/6
  1723 | D:4      | 1723 ||| READING 3 scrolls labelled UNAET TAG SAE.
  1724 | D:4      | 1724 ||| DRINKING 2 sapphire potions.
  1725 | D:4      | 1725 ||| DROPPING 2 scrolls of immolation.
  1726 | D:4      | 1726 ||| DROPPING potion of attraction.
  1883 | D:3      | Found a faded altar of an unknown god.
  2205 | D:4      | Noticed a sky beast
  2209 | D:4      | Killed a sky beast
  2210 | D:4      | Reached skill level 6 in Ranged Weapons
  2274 | D:4      | Reached XP level 6. HP: 30/30 MP: 7/7
  2288 | D:4      | Noticed a sky beast
  2293 | D:4      | Killed a sky beast
  2294 | D:4      | Reached skill level 6 in Dodging
  2863 | D:4      | Found a glowing silver altar of Zin.
  2866 | D:4      | 2866 ||| UPGRADING to +0 cloak.
  2871 | D:4      | 2871 ||| READING scroll labelled CISTAKKYDO.
  2872 | D:4      | 2872 ||| DRINKING 4 red potions.
  2873 | D:4      | 2873 ||| DRINKING 2 sedimented pink potions.
  2887 | D:5      | Entered Level 5 of the Dungeon
  2915 | D:5      | Found a staircase to the Ecumenical Temple.
  2916 | D:5      | 2916 ||| PLANNING TEMPLE
  2916 | D:5      | 2916 ||| READING scroll labelled BIONNEF WITIRCH.
  2916 | D:5      | 2916 ||| ENCHANTING +0 cloak.
  2925 | Temple   | Found a transporter.
  2925 | Temple   | Found a transporter.
  2925 | Temple   | Found a transporter.
  2925 | Temple   | Found a transporter.
  2925 | Temple   | Entered the Ecumenical Temple
  2926 | Temple   | 2926 ||| PLANNING D:1-11
  2948 | Temple   | 2948 ||| PLANNING OKAWARU WORSHIP
  2955 | Temple   | Became a worshipper of Warmaster Okawaru
  2956 | Temple   | 2956 ||| PLANNING D:1-11
  3032 | D:5      | Noticed Menkaure
  3035 | D:5      | Killed Menkaure
  3036 | D:5      | Reached skill level 7 in Ranged Weapons
  3036 | D:5      | Reached XP level 7. HP: 35/35 MP: 8/8
  3091 | D:5      | HP: 1/35 [orc priest/divine providence (15)]
  3092 | D:5      | 3092 ||| READING scroll of teleportation.
  3093 | D:5      | 3093 ||| DRINKING potion of heal wounds.
  3095 | D:5      | Noticed Eustachio
  3101 | D:5      | 3101 ||| FLEEEEING.
  3107 | D:5      | Killed Eustachio
  3107 | D:5      | Reached * piety under Okawaru
  3357 | D:5      | Reached skill level 1 in Invocations
  3449 | D:5      | Found a basalt altar of Yredelemnul.
  3496 | D:5      | Reached XP level 8. HP: 39/39 MP: 10/10
  3497 | D:5      | Noticed Duvessa
  3497 | D:5      | Noticed Dowan
  3499 | D:5      | Reached skill level 3 in Invocations
  3502 | D:5      | Reached skill level 8 in Ranged Weapons
  3507 | D:5      | Killed Duvessa
  3507 | D:5      | Reached ** piety under Okawaru
  3508 | D:5      | 3508 ||| INVOKING Heroism.
  3511 | D:5      | Killed Dowan
  3634 | D:5      | HP: 4/39 [orc priest/divine providence (10)]
  3636 | D:5      | Killed from afar by an orc priest

Levels and vault maps discovered:
D:1:      lightli_arrival_windingriver, layout_loops_ring
D:2:      layout_basic
D:3:      layout_loops_ring, shapermc_ecumenical_altar_notcrosses,
          lightli_corner_chamber, uniq_robin, uniq_terence
D:4:      layout_cave_pods, zin_treasury
D:5:      layout_basic, nicolae_yredelemnul_corpse_copse,
          kiku_gazebo_garden_becter, minmay_temple_entry_antechambers,
          uniq_menkaure, uniq_eustachio, uniq_duvessa
Temple:   hellmonk_temple_divided_pantheon

Skill      XL: |  1  2  3  4  5  6  7  8 |
---------------+-------------------------+-----
Dodging        | 3 4 5 6 7 |  7.8
Ranged Weapons | 5 6 7 8 |  8.0
Fighting       | 2 |  2.7
Invocations    | 2 3 |  3.9
Stealth        | |  1.5

Action                     |  1- 3 |  4- 6 |  7- 9 || total
---------------------------+-------+-------+-------++-------
   Fire: Shortbow          |   119 |    14 |       ||   133
         Sling             |       |    77 |    80 ||   157
 Invoke: Heroism           |       |       |     1 ||     1
    Use: Scroll            |     6 |     3 |     1 ||    10
         Potion            |     3 |     3 |     1 ||     7
 Armour: Robe              |    15 |     5 |    23 ||    43
  Dodge: Dodged            |    43 |    14 |    56 ||   113

Table legend:
 A = Non-vault XP
 B = Vault XP
 C = Vault XP percentage of total XP
 D = Non-vault monster count
 E = Vault monster count
 F = Vault count percentage of total count
                 A         B        C        D         E       F
            +---------+---------+-------+---------+---------+-------
      Total |     956 |     943 |  49.7 |     101 |      22 |  17.9
            +---------+---------+-------+---------+---------+-------
        D:1 |      46 |       0 |   0.0 |      28 |       0 |   0.0
        D:2 |      49 |       0 |   0.0 |      25 |       0 |   0.0
        D:3 |      33 |      72 |  68.6 |      16 |      13 |  44.8
        D:4 |     383 |       0 |   0.0 |      19 |       0 |   0.0
        D:5 |     445 |     871 |  66.2 |      13 |       9 |  40.9
            +---------+---------+-------+---------+---------+-------
